[Event "*** SCC Grand Prix: Titled Tuesday Blitz"]
[Site "Chess.com"]
[Date "2020.09.29"]
[Round "4"]
[White "Meri-Arabidze"]
[Black "penguingm1"]
[Result "1/2-1/2"]
[WhiteElo "2713"]
[BlackElo "2884"]
[TimeControl "180+1"]
[EndTime "10:39:49 PDT"]
[Termination "Game drawn - insufficient material"]

1. d4 d5 2. c4 e6 3. Nc3 Be7 4. Nf3 Nf6 5. Bf4 O-O 6. a3 b6 7. cxd5 Nxd5 8. Nxd5 exd5 9. e3 c5 10. Bd3 c4 11. Bc2 Nc6 12. O-O b5 13. b3 Be6 14.
bxc4 bxc4 15. Qb1 h6 16. Bh7+ Kh8 17. Bf5 Qb6 18. Bxe6 Qxb1 19. Rfxb1 fxe6 20. Rb7 Rfc8 21. a4 Bf8 22. h4 c3 23. h5 c2 24. Rc1 Nb4 25.
Ne1 Rc6 26. Be5 a5 27. Rb5 Kg8 28. Kf1 Rac8 29. Rxa5 Na2 30. Rxc2 Rxc2 31. Nxc2 Rxc2 32. Ra8 Rc6 33. a5 Nb4 34. g4 Ra6 35. Rb8 Nc6 36.
Rb6 Rxb6 37. axb6 Nxe5 38. dxe5 Bc5 39. b7 Ba7 40. Ke2 Kf7 41. f4 Ke7 42. Kd3 Kd7 43. e4 Kc6 44. f5 Kxb7 45. g5 Bc5 46. f6 Bf8 47. exd5 exd5 48. e6 Kc6 49. e7 Bxe7 50. fxe7 Kd7 51. gxh6 gxh6 52. Kd4 Kxe7 53. Kxd5 Kf6 54.
Ke4 Kg5 55. Kf3 Kxh5 56. Kg3 Kg5 57. Kh3 h5 58. Kg3 h4+ 59. Kh3 Kf6 60. Kxh4 1/2-1/2

[Event "*** SCC Grand Prix: Titled Tuesday Blitz"]
[Site "Chess.com"]
[Date "2020.09.29"]
[Round "4"]
[White "Gabrielian_Artur"]
[Black "szachuspl"]
[Result "0-1"]
[WhiteElo "2732"]
[BlackElo "2525"]
[TimeControl "180+1"]
[EndTime "10:39:49 PDT"]
[Termination "szachuspl won by resignation"]

1. e4 c5 2. Nc3 Nc6 3. Bb5 Nd4 4. Bc4 e6 5. Nge2 Nxe2 6. Qxe2 d6 7. O-O a6 8. a4 Be7 9. f4 Bd7 10. f5 Nf6 11. d3 O-O 12. Kh1 exf5 13. exf5 Bc6 14. Bg5 d5 15. Ba2 Re8 16. Bxf6 Bxf6 17. Qf3 Bxc3 18. bxc3 f6 19. Rfe1 Qd6 20. a5 Kf8 21. h4 h6 22. Kg1 Rxe1+ 23. Rxe1 Re8 24. Rxe8+ Kxe8 25. Qe3+ Kd8 26. Kf2 Kc7 27. Bb3 b6 28. axb6+ Kxb6 29. g3 a5 30. Ba2 a4 31. Ke1 d4 32.
cxd4 cxd4 33. Qf2 Qb4+ 34. Kd1 a3 35. Qf4 Kb7 36. Qg4 Kb6 37. Qf4 Kb7 38. Bb3 Qc3 39. Qg4 Kb6 40. Qf4 Kb7 41. Bc4 a2 42. Bxa2 Qa1+ 43. Kd2 Qxa2 44. g4 Qa5+ 45. Kd1 Qc5 46. g5 hxg5 47. hxg5 Qe5 48. Qxe5 fxe5 49. c3 dxc3 50. Kc2 Kc7 51. Kxc3 Kd6 52. d4 e4 53. Kd2 Kd5 54. Ke3 Bd7 55. Kf4 Kxd4 56. g6 Bc6 57. Kg5 Bd5 0-1

[Event "*** SCC Grand Prix: Titled Tuesday Blitz"]
[Site "Chess.com"]
[Date "2020.09.29"]
[Round "4"]
[White "Rubinstein_Akiba"]
[Black "Iskusnyh"]
[Result "0-1"]
[WhiteElo "2402"]
[BlackElo "2550"]
[TimeControl "180+1"]
[EndTime "10:39:49 PDT"]
[Termination "Iskusnyh won by checkmate"]

1. e4 e6 2. d4 d5 3. Bd3 c5 4. c3 cxd4 5. cxd4 dxe4 6. Bxe4 Nf6 7. Bf3 Be7 8. Ne2 O-O 9. O-O Nc6 10. Nbc3 Nb4 11.
Qb3 Nbd5 12. Bg5 Qb6 13. Qxb6 axb6 14. Nf4 Nxc3 15. bxc3 h6 16. Bxf6 Bxf6 17. Nd3 Ra3 18. Rfc1 Bxd4 19. cxd4 Rxd3 20. Rab1 Rxd4 21. Rxb6 Rfd8 22.
g3 Ra4 23. Rc2 e5 24. Bxb7 Bh3 25. f3 Ra3 26. Kf2 g6 27. Rb3 Ra5 28. Be4 Kg7 29.
Bd3 Rad5 30. Be2 Rd2 31. Rbb2 Rxc2 32. Rxc2 Ra8 33. Rb2 Be6 34. a4 Rxa4 35. Rb5 Kf6 36. Rb2 g5 37. Rd2 h5 38. Bd3 h4 39. Ke3 Ra3 40.
Ke2 g4 41. fxg4 Bxg4+ 42. Kf2 hxg3+ 43. hxg3 Kg5 44. Be2 f5 45. Rb2 e4 46. Kg2 Bxe2 47.
Rxe2 Kg4 48. Rf2 Rxg3+ 49. Kh2 e3 50. Re2 Rf3 51. Kg2 Rf2+ 52. Rxf2 exf2 53. Kxf2 Kf4 54. Kg1 Ke3 55. Kf1 Kf3 56. Kg1 Ke2 57. Kg2 f4 58.
Kg1 f3 59. Kh2 f2 60. Kg3 f1=Q 61. Kh4 Qg1 62. Kh5 Qg7 63. Kh4 Kf3 64. Kh3 Qh6# 0-1

[Event "*** SCC Grand Prix: Titled Tuesday Blitz"]
[Site "Chess.com"]
[Date "2020.09.29"]
[Round "4"]
[White "ViktoriyaTarasova"]
[Black "ChessArchitect64"]
[Result "1-0"]
[WhiteElo "2271"]
[BlackElo "1979"]
[TimeControl "180+1"]
[EndTime "10:39:49 PDT"]
[Termination "ViktoriyaTarasova won by checkmate"]

1. d4 d5 2. c4 c6 3. Nf3 Nf6 4. Nc3 e6 5. Bg5 Be7 6. e3 O-O 7. Bd3 h6 8. Bh4 Bd7 9. O-O Na6 10. a3 Nc7 11. Qc2 a5 12. Ne5 Nfe8 13. Bxe7 Qxe7 14.
f4 Nd6 15. c5 Nf5 16. Rae1 Qe8 17. g4 Ne7 18. f5 f6 19. Nxd7 Qxd7 20. Qg2 e5 21.
dxe5 fxe5 22. e4 dxe4 23. Bc4+ Kh8 24. Rxe4 Ned5 25. Qg3 Rae8 26. Rfe1 Nf6 27. R4e3 Qd4 28. g5 Qxc4 29. gxf6 Rxf6 30. Ne4 Rf7 31. Nd6 Qd5 32. Nxf7+ Qxf7 33. Rxe5 Rxe5 34. Qxe5 Nd5 35. Qe8+ Qxe8 36. Rxe8+ Kh7 37. Rb8 Ne3 38. Rxb7 Nxf5 39. Rc7 Nd4 40. Kf2 Kg6 41. Ke3 Nf5+ 42. Kf4 Nd4 43. Ke4 Ne6 44. Rxc6 Kf7 45. Ke5 Ng5 46. Rc7+ Kf8 47. c6 Nf3+ 48. Ke6 Nd4+ 49. Kd5 Nb5 50. Rb7 Nc7+ 51.
Rxc7 Ke8 52. Ra7 Kd8 53. Kd6 Kc8 54. Rxg7 a4 55. Rg8# 1-0

[Event "*** SCC Grand Prix: Titled Tuesday Blitz"]
[Site "Chess.com"]
[Date "2020.09.29"]
[Round "4"]
[White "nrvisakh"]
[Black "DenisQ"]
[Result "1/2-1/2"]
[WhiteElo "2802"]
[BlackElo "2620"]
[TimeControl "180+1"]
[EndTime "10:39:51 PDT"]
[Termination "Game drawn by repetition"]

1. e4 c6 2. d4 d5 3. exd5 cxd5 4. c3 Nc6 5. Bd3 Nf6 6. Bf4 Bg4 7. Qb3 Qd7 8. Nd2 e6 9. Ngf3 Bxf3 10. Nxf3 Bd6 11.
Bxd6 Qxd6 12. O-O O-O 13. Rae1 Qc7 14. Qd1 Rab8 15. Ne5 Nxe5 16. dxe5 Nd7 17. Re3 Nxe5 18. Bxh7+ Kxh7 19. Qh5+ Kg8 20. Rxe5 Rbe8 21. Rfe1 Qd6 22. R5e3 f6 23. Rh3 Qf4 24. Qh7+ Kf7 25. Qh5+ Kg8 26.
Qg6 Qf5 27. Qxf5 exf5 28. Rhe3 Rxe3 29. Rxe3 Kf7 30. Kf1 Rh8 31. h3 g5 32. Ke2 Rh4 33.
Kd3 b5 34. Kd2 a5 35. Rd3 Ke6 36. Rd4 Rxd4+ 37. cxd4 Kf7 38. f4 Kg6 39. Ke3 g4 40. Kf2 gxh3 41. gxh3 Kh6 42. Kg2 Kg6 43. Kh2 Kh6 44.
b3 b4 45. Kg2 Kg6 46. Kh2 Kh6 47. Kg1 Kg6 48. Kf2 Kh6 49. Ke3 Kg6 50. Ke2 Kh5 51.
Kf3 Kg6 52. Ke2 Kh5 53. Kf2 Kg6 54. Kg3 Kh5 55. h4 Kh6 56. Kh2 Kh5 57. Kh3 Kh6 58.
Kg3 Kh5 59. Kh3 Kh6 60. Kg3 Kh5 61. Kh3 1/2-1/2

[Event "*** SCC Grand Prix: Titled Tuesday Blitz"]
[Site "Chess.com"]
[Date "2020.09.29"]
[Round "4"]
[White "Rap_woyska"]
[Black "CheckThis4"]
[Result "0-1"]
[WhiteElo "2367"]
[BlackElo "2607"]
[TimeControl "180+1"]
[EndTime "10:39:52 PDT"]
[Termination "CheckThis4 won on time"]

1. c4 e6 2. Nf3 d5 3. e3 Nf6 4.
b3 c5 5. Bb2 a6 6. cxd5 exd5 7.
Be2 Nc6 8. O-O Bd6 9. d4 cxd4 10. Nxd4 O-O 11. Nc3 Re8 12. Rc1 Nxd4 13. Qxd4 Be5 14.
Qd2 Qd6 15. f4 Bxc3 16. Qxc3 Bd7 17. Bf3 Bc6 18. Qd4 Qf8 19. Bc3 a5 20. b4 Ne4 21. Be1 Bb5 22. bxa5 Bxf1 23. Bb4 Nd6 24. Kxf1 Red8 25. Qxd5 Qe7 26. Rd1 Ra6 27. e4 Qf6 28. e5 Qxf4 29. Bxd6 g5 30. Qe4 Rxa5 31. Qxf4 gxf4 32.
Ke1 Rxa2 33. Bxb7 Kg7 34. Bd5 Ra5 35. Bf3 Kg6 36. Be4+ f5 37. Bf3 Re8 38. Rc1 Kg5 39. Rc2 h5 40. Kf2 h4 41. h3 Rb5 42. Kg1 Reb8 43.
Kh2 Rb1 44. Be7+ Kg6 45. Bxh4 Ra1 46. Rc6+ Kf7 47. Bd5+ Ke8 48. Re6+ Kd7 49. Rd6+ Kc7 50. Rc6+ Kd7 51. Rc2 Rbb1 52. g3 Rh1+ 53. Bxh1 f3 0-1

[Event "*** SCC Grand Prix: Titled Tuesday Blitz"]
[Site "Chess.com"]
[Date "2020.09.29"]
[Round "4"]
[White "dodorox"]
[Black "vanyakuba"]
[Result "1-0"]
[WhiteElo "2044"]
[BlackElo "2442"]
[TimeControl "180+1"]
[EndTime "10:39:54 PDT"]
[Termination "dodorox won by resignation"]

1. d4 d5 2. c4 e6 3. Nc3 c5 4. cxd5 cxd4 5. Qxd4 Nc6 6. Qd1 exd5 7.
Qxd5 Be6 8. Qxd8+ Rxd8 9. e3 Nb4 10. Bb5+ Ke7 11. Ba4 Bc4 12. Nge2 Nd3+ 13. Kf1 Nf6 14. b3 Nxc1 15. bxc4 Nd3 16. Rd1 g6 17.
g3 Bg7 18. Kg2 Nc5 19. Bb3 Rxd1 20. Rxd1 Rd8 21. Rxd8 Kxd8 22. h3 Nfd7 23. f4 Nb6 24. Kf3 a5 25. Nd5 Nbd7 26. Bc2 Bb2 27. e4 a4 28. Ke3 a3 29. Nd4 Bc1+ 30. Kf3 Bb2 31.
Nb5 Na6 32. Nd6 f6 33. Nxb7+ Ke8 34. Nd6+ Kd8 35. Nb5 Ndc5 36. Ke3 Kc8 37. Nd4 f5 38. exf5 gxf5 39. Bxf5+ Kb8 40. Nc2 Na4 41. Bxh7 N6c5 42. f5 Nb3 43. axb3 Nc5 44. Ndb4 Kc7 45. f6 Kd6 46. g4 Ne6 47. g5 Nxg5 48. Bd3 Ne6 49. h4 Ke5 50. h5 Kxf6 51. h6 Nf8 52. h7 Kg7 53. c5 Nxh7 54. Bxh7 Kxh7 55. c6 Be5 56.
Ke4 Bd6 57. Kd5 Bxb4 58. Nxb4 1-0

[Event "*** SCC Grand Prix: Titled Tuesday Blitz"]
[Site "Chess.com"]
[Date "2020.09.29"]
[Round "4"]
[White "paulrusan"]
[Black "sjam6687"]
[Result "0-1"]
[WhiteElo "2273"]
[BlackElo "2521"]
[TimeControl "180+1"]
[EndTime "10:39:56 PDT"]
[Termination "sjam6687 won by checkmate"]

1. e4 e5 2. Nf3 Nc6 3. Bc4 Bc5 4. b4 Bb6 5. a4 a6 6. O-O d6 7. Nc3 Nf6 8. Nd5 Nxd5 9. exd5 Ne7 10. Re1 Bg4 11.
h3 Bh5 12. Bb2 O-O 13. a5 Ba7 14. d4 Bxf3 15. Qxf3 exd4 16. Rad1 Ng6 17. Bxd4 Bxd4 18. Rxd4 Ne5 19. Qh5 Qf6 20. Red1 Rfe8 21. Bf1 Ng6 22. g3 Re5 23. Qg4 Rae8 24. h4 h5 25. Qh3 Re1 26. Qd7 R1e7 27. Qh3 Kh7 28. Bd3 Re1+ 29. Kg2 Rxd1 30. Bxg6+ Qxg6 31. Rxd1 Qxc2 32. Rd4 Re7 33. Rf4 Qd3 34. Qf5+ Qxf5 35. Rxf5 g6 36. Rf4 Kg7 37.
Rc4 Kf6 38. f4 Rd7 39. Kf3 Ke7 40. Ke4 Kd8 41. f5 Re7+ 42. Kf4 Re5 43. fxg6 fxg6 44. Rd4 Rf5+ 45. Ke4 Kd7 46. Rc4 c6 47. dxc6+ bxc6 48. Rc1 Rb5 49. Rb1 c5 50. Kd5 Rxb4 51. Rxb4 cxb4 52.
Kc4 Kc6 53. Kxb4 d5 54. Kc3 Kc5 55. Kd3 d4 56. Kd2 Kc4 57. Kc2 d3+ 58. Kd2 Kd4 59. Kd1 Kc3 60. Kc1 d2+ 61. Kd1 Kd3 62. g4 hxg4 63.
h5 g3 64. hxg6 g2 65. g7 g1=R# 0-1

[Event "*** SCC Grand Prix: Titled Tuesday Blitz"]
[Site "Chess.com"]
[Date "2020.09.29"]
[Round "4"]
[White "MikeSailer"]
[Black "AniJak"]
[Result "0-1"]
[WhiteElo "2078"]
[BlackElo "2374"]
[TimeControl "180+1"]
[EndTime "10:39:58 PDT"]
[Termination "AniJak won on time"]

1. d4 d5 2. Nf3 Nf6 3. Bf4 e6 4. e3 Be7 5. Be2 O-O 6. O-O c5 7. c3 Nc6 8. h3 b6 9. Nbd2 a5 10.
a4 Ba6 11. Bb5 Bxb5 12. axb5 Nb8 13. Ne5 Bd6 14. Ndf3 Ne4 15. Qe2 f6 16. Nd3 c4 17.
Nc1 Qd7 18. Bxd6 Nxd6 19. Nd2 f5 20. Nf3 Qxb5 21. Ne5 Nd7 22. Nxd7 Qxd7 23. f3 Rae8 24. Qf2 e5 25. dxe5 Rxe5 26. Ne2 Rfe8 27. Nf4 Nf7 28. Rad1 g5 29. Nh5 Qe6 30. Rfe1 Kh8 31. e4 dxe4 32. fxe4 Rxe4 33. Rxe4 fxe4 34. Qd4+ Qe5 35. Qd7 Qc5+ 36. Kh1 Re7 37. Qg4 e3 38. Nf6 e2 39. Re1 Qe5 40.
Nh5 Qe4 41. Qc8+ Re8 42. Qd7 Qe7 43. Qd5 Qe6 44. Qd4+ Qe5 45. Qd7 Re7 46. Qc8+ Re8 47. Qd7 Qe6 48. Qd4+ Ne5 49. Rxe2 h6 50. Qe4 Re7 51.
Ng3 Qf6 52. Nf5 Re8 53. Qd5 Kh7 54. Ng3 Kg6 55. Ne4 Qe6 0-1

[Event "*** SCC Grand Prix: Titled Tuesday Blitz"]
[Site "Chess.com"]
[Date "2020.09.29"]
[Round "4"]
[White "Zhigalko_Sergei"]
[Black "anon102030"]
[Result "1-0"]
[WhiteElo "2945"]
[BlackElo "2744"]
[TimeControl "180+1"]
[EndTime "10:39:59 PDT"]
[Termination "Zhigalko_Sergei won by checkmate"]

1. e4 e5 2. Nf3 Nc6 3. Bb5 Nge7 4. O-O d6 5. d4 Bd7 6. Nc3 Ng6 7. Re1 Be7 8. h3 O-O 9. Be3 Kh8 10. Qe2 f5 11.
exf5 Rxf5 12. Rad1 exd4 13. Nxd4 Nxd4 14. Bxd4 Bf6 15.
Bxf6 Rxf6 16. Bxd7 Qxd7 17. Nd5 Rf7 18. Qe6 Qxe6 19.
Rxe6 Raf8 20. f3 c6 21. Ne3 d5 22. Ng4 Nf4 23. Ree1 h6 24. Kh2 Kh7 25. Ne5 Re7 26. g3 Ne6 27. Nd3 Rfe8 28. Kg2 Nd4 29. Rxe7 Rxe7 30.
Rd2 Nf5 31. Kf2 g5 32. g4 Nh4 33. f4 gxf4 34. Nxf4 Ng6 35. Nh5 Ne5 36. b3 Rf7+ 37.
Kg2 Ng6 38. Re2 Re7 39. Rxe7+ Nxe7 40. Kf3 Ng6 41. Ke3 Kg8 42. Kd4 Kf7 43. c4 dxc4 44.
Kxc4 Ke6 45. Kd4 Ne5 46. Ke4 c5 47. Ng7+ Kf6 48. Nf5 Nf7 49. h4 b6 50. Nxh6 Nd6+ 51. Kf4 Nb5 52. h5 Nc3 53. g5+ Kg7 54. Nf5+ Kh8 55. g6 Nxa2 56. h6 Nc3 57. g7+ Kh7 58. Ne7 b5 59. g8=Q+ Kxh6 60. Qg6# 1-0

[Event "*** SCC Grand Prix: Titled Tuesday Blitz"]
[Site "Chess.com"]
[Date "2020.09.29"]
[Round "4"]
[White "Ladislav1969"]
[Black "hungrycaterpillar4"]
[Result "1/2-1/2"]
[WhiteElo "2358"]
[BlackElo "2615"]
[TimeControl "180+1"]
[EndTime "10:39:59 PDT"]
[Termination "Game drawn - insufficient material"]

1. e4 c5 2. c3 Nf6 3. e5 Nd5 4. d4 cxd4 5. Nf3 Nc6 6. Bc4 Nb6 7. Bb3 d5 8. exd6 Qxd6 9. O-O Be6 10. Bxe6 Qxe6 11.
Nxd4 Qd7 12. Nb5 O-O-O 13. Qxd7+ Rxd7 14. Be3 Nc4 15. Bxa7 Nxa7 16. Nxa7+ Kb8 17. Nb5 Nxb2 18.
N1a3 e6 19. Rab1 Bxa3 20. Nxa3 Na4 21. Nb5 Rc8 22. Rfc1 Rd2 23. a3 Rc4 24. Rb4 Nb2 25. g3 Rc6 26. Rb1 Nd3 27. R4b3 Nc5 28. Nd4 Rxd4 29.
cxd4 Nxb3 30. Rxb3 Rc4 31. Rd3 Kc7 32. d5 e5 33. d6+ Kd7 34. Rb3 Kxd6 35. Rxb7 Ke6 36.
Ra7 h5 37. h4 g6 38. Kg2 f6 39. Kf3 Kf5 40. Ra5 Rc3+ 41. Ke2 Rb3 42. Ra6 g5 43. hxg5 fxg5 44. Rh6 Kg4 45. Re6 Rb5 46. a4 Ra5 47. Ke3 h4 48. gxh4 gxh4 49. Rg6+ Kf5 50. Rh6 Rxa4 51.
Kf3 Kg5 52. Rh8 Ra3+ 53. Kg2 Ra6 54. Re8 Kf4 55. Rf8+ Kg5 56. Re8 Kf5 57. Rh8 Rg6+ 58. Kf3 Kg5 59. Re8 Rf6+ 60. Kg2 Kf4 61. Rh8 Rg6+ 62.
Kh3 Kf3 63. Rf8+ Ke2 64. Re8 Kxf2 65. Rxe5 Rg3+ 66. Kxh4 Re3 67. Rxe3 Kxe3 1/2-1/2

[Event "*** SCC Grand Prix: Titled Tuesday Blitz"]
[Site "Chess.com"]
[Date "2020.09.29"]
[Round "4"]
[White "Ze-Pequeno"]
[Black "ApacheSVD"]
[Result "0-1"]
[WhiteElo "2253"]
[BlackElo "2421"]
[TimeControl "180+1"]
[EndTime "10:40:02 PDT"]
[Termination "ApacheSVD won by resignation"]

1. e4 c5 2. Nf3 d6 3. d4 cxd4 4. Nxd4 Nf6 5. Nc3 g6 6. Be3 Bg7 7. f3 O-O 8. Qd2 Nc6 9. O-O-O d5 10. exd5 Nxd5 11. Nxc6 bxc6 12. Bd4 Bxd4 13. Qxd4 Qb6 14. Na4 Qa5 15. b3 Rb8 16. Qc5 Qc7 17. g3 Be6 18.
Bc4 Rfd8 19. Rhe1 Rd6 20. Qf2 Rb4 21. Qc5 Rb8 22. Qf2 Qa5 23. Qc5 Qb4 24. Qxb4 Rxb4 25. Nc5 Kg7 26. Nxe6+ fxe6 27. Bf1 Kf6 28. Kb2 a5 29. c3 Rb8 30. Kc2 Rbd8 31. Rd3 Kf7 32. a3 Kf6 33. c4 Nb6 34. Red1 e5 35. c5 Rxd3 36. Rxd3 Nd5 37. Bg2 e6 38. Bf1 Rb8 39.
Be2 Kf5 40. Bd1 e4 41. fxe4+ Kxe4 42. Bf3+ Ke5 43. Bxd5 exd5 44. Kc3 d4+ 45. Kc4 Rd8 46. b4 axb4 47. axb4 Ke4 48. h3 h5 49. g4 hxg4 50.
hxg4 g5 51. Rd1 Ke3 52. b5 cxb5+ 53. Kxb5 d3 54. c6 Ke2 55. Rh1 d2 56. c7 Rc8 57.
Kc6 d1=Q 58. Rxd1 Kxd1 59. Kd7 Rxc7+ 60. Kxc7 Ke2 61. Kd6 Kf3 62. Ke5 Kxg4 63. Ke4 Kg3 64. Ke3 g4 0-1

[Event "*** SCC Grand Prix: Titled Tuesday Blitz"]
[Site "Chess.com"]
[Date "2020.09.29"]
[Round "4"]
[White "PLAYER_2006_M"]
[Black "Sibelephant"]
[Result "0-1"]
[WhiteElo "2571"]
[BlackElo "3047"]
[TimeControl "180+1"]
[EndTime "10:40:03 PDT"]
[Termination "Sibelephant won by checkmate"]

1. d4 Nf6 2. Nc3 d5 3. Bf4 a6 4. e3 e6 5. g4 Bb4 6. Bg2 c5 7. g5 Nfd7 8. Ne2 Nc6 9. a3 Ba5 10.
dxc5 Bc7 11. b4 b6 12. cxb6 Nxb6 13. O-O Bxf4 14. exf4 h6 15. h4 hxg5 16. hxg5 Qc7 17. Qd3 Ne7 18. Rad1 Bb7 19. Qd4 Nf5 20. Qe5 Qxe5 21.
fxe5 Rc8 22. Rd3 Nc4 23. a4 Nxe5 24. Rdd1 Nh4 25. f4 Nc4 26. Rd4 Nxg2 27. Kxg2 Ne3+ 28.
Kf2 Nxf1 29. Kxf1 Rh3 30. Rd3 Rxd3 31. cxd3 d4 32. Nd1 Bf3 33. Kf2 Bg4 34. Ke1 Bxe2 35. Kxe2 Rc2+ 36. Kf3 Ra2 37. a5 Ra4 38. Nb2 Rxb4 39.
Nc4 Rb5 40. Nd6+ Kd7 41. Nxb5 axb5 42. Ke4 Kc6 43. Kxd4 b4 44. Kc4 b3 45. Kxb3 Kb5 46. a6 Kxa6 47. Kc4 Kb6 48. Kd4 f6 49. Ke4 Kc5 50. d4+ Kd6 51. g6 f5+ 52. Ke3 Kc6 53. Kd3 Kd5 54. Kc3 Ke4 55. Kc4 Kxf4 56. Kc5 Kg4 57. Kd6 f4 58. Kxe6 f3 59. Kf7 f2 60.
Kxg7 f1=Q 61. Kg8 Kg5 62. g7 Kg6 63. Kh8 Qh1+ 64. Kg8 Qa8# 0-1

[Event "*** SCC Grand Prix: Titled Tuesday Blitz"]
[Site "Chess.com"]
[Date "2020.09.29"]
[Round "4"]
[White "winniethepooh04"]
[Black "geordie_derraugh"]
[Result "0-1"]
[WhiteElo "2203"]
[BlackElo "2399"]
[TimeControl "180+1"]
[EndTime "10:40:03 PDT"]
[Termination "geordie_derraugh won by resignation"]

1. d4 Nf6 2. Nf3 e6 3. Bf4 c5 4.
e3 cxd4 5. exd4 d6 6. c3 Be7 7. h3 O-O 8. Bd3 Qb6 9. Qb3 Nbd7 10. O-O Nd5 11. Bh2 Rd8 12. Nbd2 N7f6 13. Rfe1 Nh5 14. Bf1 Nhf4 15. Nc4 Qc7 16. Ne3 Bd7 17. Nxd5 Nxd5 18.
Rac1 Bc6 19. Nd2 Bg5 20. Rcd1 Bf4 21. Bxf4 Nxf4 22. Nc4 Bd5 23. Qb4 b6 24. Ne3 Bb7 25. Qb3 Qc6 26. Kh2 Qe4 27. d5 Qg6 28. c4 Rac8 29. a4 Rc5 30. dxe6 fxe6 31. Rd4 e5 32. Rdd1 Rf8 33. Nd5 Nxd5 34. cxd5 Rxf2 35. Qe3 Rcc2 36. Qg3 Qf6 37. Bd3 Rxb2 38. Rf1 Rxg2+ 39. Qxg2 Rxg2+ 40. Kxg2 Bxd5+ 41. Kh2 Qg5 42. Bxh7+ Kxh7 43. Rxd5 Qe3 44. Rg1 Qe2+ 45. Rg2 Qf3 46. Rxd6 e4 47. Rd7 Qf4+ 48. Kh1 Qf1+ 49. Kh2 Qf6 50. Rdd2 Qe5+ 51. Kh1 e3 52. Rde2 Qa1+ 53. Kh2 Qxa4 54. Rxe3 Qf4+ 55. Reg3 a5 56. Kh1 Qe5 57. Rb3 b5 58. Rg1 Qd5+ 0-1

[Event "*** SCC Grand Prix: Titled Tuesday Blitz"]
[Site "Chess.com"]
[Date "2020.09.29"]
[Round "4"]
[White "Gusarov91"]
[Black "Tooweak2slow03"]
[Result "0-1"]
[WhiteElo "2591"]
[BlackElo "2806"]
[TimeControl "180+1"]
[EndTime "10:40:05 PDT"]
[Termination "Tooweak2slow03 won on time"]

1. d4 e6 2. Nf3 f5 3. c4 Nf6 4. g3 b6 5. Bg2 Bb7 6. O-O Be7 7. Nc3 Ne4 8. Nxe4 Bxe4 9. d5 O-O 10. Be3 Na6 11.
dxe6 dxe6 12. Nd4 Bxg2 13. Kxg2 Qc8 14. Qa4 e5 15. Nc6 Qb7 16. Kg1 Bd6 17. b4 f4 18.
Bd2 Rf6 19. Rac1 Rh6 20. c5 bxc5 21. b5 Qc8 22. Qe4 Qh3 23. Qg2 Qxg2+ 24. Kxg2 Nb8 25. gxf4 Nxc6 26. bxc6 exf4 27. Rc4 f3+ 28. exf3 Rxh2+ 29. Kg1 Rf8 30. f4 Rh5 31. Be3 Rf6 32. Kg2 Rg6+ 33.
Kf3 Bf8 34. Rd1 Rh3+ 35. Ke2 Rxc6 36. Rd8 Rh5 37. Ra8 a6 38. a4 Rf5 39. Re4 h5 40. Ree8 c4 41. Kd2 h4 42. Kc3 h3 43.
Rab8 h2 44. Rb1 Rh6 45. Rh1 Kf7 46. Re4 Rff6 47. Rxc4 Rfg6 48. f5 Rg1 49. Rxc7+ Kg8 50. Bxh6 Rxh1 51. Bf4 Rc1+ 52. Bxc1 h1=Q 53. Kb2 Qf3 54.
Rc2 Qxf5 55. Be3 Qe5+ 56. Kb3 Qd5+ 57. Kb2 Qe4 58. Kb3 Qb4+ 59. Ka2 Qxa4+ 60. Kb1 Qb3+ 61.
Rb2 Qd1+ 62. Ka2 a5 63. Rb8 a4 64. Rc8 a3 0-1

[Event "*** SCC Grand Prix: Titled Tuesday Blitz"]
[Site "Chess.com"]
[Date "2020.09.29"]
[Round "4"]
[White "m_ezat"]
[Black "brunomorado"]
[Result "1-0"]
[WhiteElo "2621"]
[BlackElo "2387"]
[TimeControl "180+1"]
[EndTime "10:40:06 PDT"]
[Termination "m_ezat won on time"]

1. d4 d5 2. c4 c6 3. Nc3 Nf6 4.
cxd5 cxd5 5. Bf4 Nc6 6. e3 a6 7. Bd3 Bg4 8. Nge2 e6 9. O-O Bd6 10. f3 Bh5 11. Bxd6 Qxd6 12. Nf4 Bg6 13. Rc1 O-O 14. Na4 Bxd3 15. Nxd3 Nb4 16. Nxb4 Qxb4 17. a3 Qd6 18. Qb3 b5 19. Nc5 Rfc8 20. Qb4 Nd7 21. Nd3 Qxb4 22. Nxb4 a5 23. Nc6 Kf8 24. Rc2 Nb6 25.
Rfc1 Nc4 26. Ne5 a4 27. Kf2 Ke7 28. e4 f6 29. Nd3 dxe4 30. fxe4 Nd6 31. Rc7+ Rxc7 32.
Rxc7+ Kd8 33. Rxg7 Nxe4+ 34. Ke3 Nd6 35. Rxh7 Nf5+ 36.
Ke4 Ra6 37. d5 Ne7 38. Nc5 exd5+ 39. Kd4 Rc6 40. g4 Ke8 41. h4 Kf8 42. h5 Rd6 43. Nd3 Re6 44. Kc5 Re4 45. Kd6 Ng8 46. Nc5 Rxg4 47.
Ne6+ Ke8 48. h6 d4 49. Rh8 Kf7 50. h7 d3 51. hxg8=Q+ Rxg8 52. Rh2 Re8 53. Nc5 1-0

[Event "*** SCC Grand Prix: Titled Tuesday Blitz"]
[Site "Chess.com"]
[Date "2020.09.29"]
[Round "4"]
[White "exoticprincess"]
[Black "ViditYT"]
[Result "1/2-1/2"]
[WhiteElo "2898"]
[BlackElo "2724"]
[TimeControl "180+1"]
[EndTime "10:40:08 PDT"]
[Termination "Game drawn by repetition"]

1. d4 Nf6 2. Nc3 d5 3. Bf4 c6 4.
Qd2 Bf5 5. f3 Bg6 6. h4 Nbd7 7.
g4 h6 8. e3 Qa5 9. h5 Bh7 10. Bd3 Bxd3 11. cxd3 e6 12. Nge2 Be7 13. Kf2 a6 14. Kg2 Nh7 15. Rab1 O-O 16. a3 Qd8 17. b4 a5 18. b5 Bxa3 19. bxc6 bxc6 20. Na4 Bb4 21. Qc2 Rc8 22. Nc5 Qe7 23. Na6 Rfe8 24. Rhc1 Ba3 25. Rf1 c5 26. Qa4 Bb4 27. Rfc1 cxd4 28.
Nxd4 e5 29. Nc6 Qe6 30. Bg3 Bd6 31. Nxa5 Rxc1 32. Rxc1 e4 33. dxe4 Bxg3 34. Rc6 Bd6 35. Nc7 Qe5 36. Rxd6 Qxd6 37. Nxe8 Qe7 38. Nc7 dxe4 39.
Qxe4 Qxe4 40. fxe4 Nhf6 41. Nc6 Nxg4 42. Nd5 Ngf6 43.
Kf3 Nxh5 44. e5 g6 45. Ke4 Ng3+ 46. Kf4 Nf5 47. e4 Ng7 48. Nf6+ Nxf6 49. exf6 Ne6+ 50.
Ke5 h5 51. Ne7+ Kh7 52. Nd5 h4 53. Ne3 Kh6 54. Kd6 Kg5 55. Ke7 h3 56. Nf1 Nc5 57. e5 Kf5 58. Kxf7 Kxe5 59. Kxg6 Nd7 60. f7 Kf4 61. Kg7 Kf3 62. Nh2+ Kg3 63. Nf1+ Kf2 64. Nh2 Kg3 65. Nf1+ Kf2 66. Nh2 Kg3 1/2-1/2

[Event "*** SCC Grand Prix: Titled Tuesday Blitz"]
[Site "Chess.com"]
[Date "2020.09.29"]
[Round "4"]
[White "Aborigen_came"]
[Black "Belka1989"]
[Result "1-0"]
[WhiteElo "2740"]
[BlackElo "2275"]
[TimeControl "180+1"]
[EndTime "10:40:08 PDT"]
[Termination "Aborigen_came won by checkmate"]

1. Nc3 c5 2. e4 d6 3. Bb5+ Bd7 4.
a4 g6 5. Nge2 Bg7 6. d3 Nf6 7.
h3 O-O 8. Be3 Nc6 9. Qd2 e5 10.
Bxc6 bxc6 11. O-O Be6 12. b3 Qd7 13. Bh6 Nh5 14. Bxg7 Kxg7 15. f4 Bxh3 16. gxh3 Qxh3 17. Rf2 f5 18. Rh2 Qg4+ 19. Rg2 Qh3 20. Rf1 Rae8 21. fxe5 dxe5 22. exf5 Kh8 23. Ne4 gxf5 24. Ng5 Qh4 25. Rf3 Nf4 26. Nxf4 exf4 27. Rxf4 Re1+ 28. Rf1 Qd4+ 29. Qf2 Rxf1+ 30. Kxf1 Qa1+ 31. Qe1 Qf6 32. Qh4 h6 33. Nf3 f4 34. Qxf6+ Rxf6 35. Re2 Kg7 36. Re5 Kg6 37. Rxc5 h5 38. Rg5+ Kh6 39. Ra5 Re6 40.
Rxa7 Re3 41. Kf2 h4 42. Nxh4 Rh3 43. Nf3 Kg6 44. Ra6 Kf5 45. Rxc6 Rh1 46. Rc5+ Kf6 47. Rc4 Rc1 48. Rxf4+ Ke6 49. Rc4 Kd5 50. Nd2 Ra1 51.
Ke2 Kd6 52. Ne4+ Kd5 53. Kd2 Rh1 54. Kc3 Rh2 55. Nd2 Kd6 56. Re4 Rh1 57. Nc4+ Kc7 58. Ne3 Kb7 59. Rc4 Ka6 60. Nd5 Rg1 61. Nb4+ Ka5 62.
Rc5+ Kb6 63. Rb5+ Ka7 64. d4 Rg2 65. Kc4 Rg3 66. c3 Rh3 67. Kc5 Rg3 68. Nc6+ Ka6 69. Rb6# 1-0

[Event "*** SCC Grand Prix: Titled Tuesday Blitz"]
[Site "Chess.com"]
[Date "2020.09.29"]
[Round "4"]
[White "NotFischer"]
[Black "Caterpiller35"]
[Result "1-0"]
[WhiteElo "2295"]
[BlackElo "2496"]
[TimeControl "180+1"]
[EndTime "10:40:08 PDT"]
[Termination "NotFischer won by resignation"]

1. e4 d5 2. exd5 Nf6 3. Bb5+ Bd7 4.
Be2 Bf5 5. Nf3 Nxd5 6. d4 e6 7. O-O Be7 8. c4 Nb4 9. Na3 O-O 10. Be3 a5 11. h3 h6 12. Ne5 Nd7 13.
f4 Nxe5 14. fxe5 c5 15. dxc5 Qc8 16. Qd4 Rd8 17. Qc3 Bxc5 18. Kh2 Nd3 19. Bxc5 Nxc5 20.
Nb5 Bd3 21. Rae1 Bxe2 22. Rxe2 Rd3 23. Qc1 Qc6 24. Nd6 Rxd6 25. exd6 Qxd6+ 26. Qf4 Qe7 27. a3 a4 28. Rd1 Rc8 29. Red2 e5 30. Qe3 b6 31.
Rd6 Rb8 32. R1d5 f6 33. h4 Qc7 34. h5 Nb3 35. Qd3 Nc5 36. Qg6 Qf7 37. Qg4 Kh7 38. Rd7 Nxd7 39. Rxd7 Qf8 40. Qg6+ Kh8 41. Rf7 Qg8 42.
Ra7 Rd8 43. Rxa4 Qe8 44. Rb4 Qxg6 45. hxg6 e4 46. Rxb6 Re8 47. Kg1 f5 48. Kf2 f4 49.
Ke2 Kg8 50. a4 Kf8 51. Rb7 Re5 52. b4 h5 53. a5 h4 54. a6 h3 55. a7 hxg2 56.
a8=Q+ Re8 57. Rf7+ 1-0